 Dungeon Sprint DCSS version 0.30.1-11-g7821555f0a (webtiles) character file.

Game seed: 8679482280821793944

17521 Groucho the Unseen (level 12, -21/63 HPs)
             Began as a Spriggan Enchanter on Dec 8, 2023.
             Was the Champion of Dithmenos.
             Killed from afar by a hellephant (82 damage)
             ... with a blast of flame
             ... in the Dungeon (Sprint II: "The Violet Keep of Menkaure").
             The game lasted 00:13:56 (1293 turns).

Groucho the Unseen (Spriggan Enchanter)             Turns: 1293, Time: 00:13:56

Health: -21/63     AC:  4    Str:  4    XL:     12   Next: 19%
Magic:  2/27       EV: 28    Int: 20    God:    Dithmenos [******]
Gold:   1566       SH:  0    Dex: 17    Spells: 9/31 levels left

rFire   . . .        c - +0 arbalest
rCold   . . .        (shield currently unavailable)
rNeg    . . .        j - +2 robe
rPois   .            (helmet restricted)
rElec   .            x - scarf {repulsion}
rCorr   .            (gloves unavailable)
SInv    +            (boots unavailable)
Will    ++...        w - amulet of magic regeneration Stlth *+++++++++
                     f - ring of flight
HPRegen 0.30/turn    n - +5 ring of evasion
MPRegen 0.60/turn

%: no teleportation, repel missiles
@: flying, wreathed by umbra, very quick
A: very small, no large weapons, unfitting armour, see invisible, speed 3
a: Renounce Religion, Shadow Step, Shadow Form


You were in the Dungeon.
You worshipped Dithmenos.
Dithmenos was exalted by your worship.
You visited 1 branch You collected 2443 gold pieces.
You spent 877 gold pieces at shops.

Inventory:

Hand Weapons
 a - a +1 dagger
 c - a +0 arbalest (weapon)
Armour
 j - a +2 robe (worn)
 x - a scarf of repulsion (worn)
Magical Staves
 C - a staff of earth
 D - a staff of conjuration
 E - a staff of fire
Jewellery
 f - a ring of flight (left hand)
 n - a +5 ring of evasion (right hand)
 w - an amulet of magic regeneration (around neck)
 y - a ring of magical power
 z - a ring of fire
Scrolls
 i - a scroll of blinking
 k - 3 scrolls of poison {unknown}
 o - 4 scrolls of identify {unknown}
 p - a scroll of immolation {unknown}
 s - 2 scrolls of fog {unknown}
 t - 2 scrolls of enchant weapon {unknown}
 v - a scroll of enchant armour {unknown}
 A - a scroll of acquirement {unknown}
Potions
 b - a potion of cancellation {unknown}
 d - 3 potions of curing
 e - a potion of heal wounds
 g - 5 potions of magic
 h - a potion of berserk rage
 l - 6 potions of flight
 m - 2 potions of brilliance {unknown}
 q - a potion of ambrosia {unknown}
 r - 3 potions of resistance {unknown}
 u - a potion of degeneration {unknown}
 B - 3 potions of mutation {unknown}


   Skills:
 - Level 7.0 Fighting
 - Level 10.0 Short Blades
 - Level 10.0 Dodging
 - Level 15.0 Stealth
 - Level 10.0 Spellcasting
 + Level 13.5 Conjurations
 - Level 14.0 Hexes
 + Level 13.4 Fire Magic


You had 9 spell levels left.
You knew the following spells:

 Your Spells              Type           Power      Damage    Failure   Level
a - Ensorcelled Hibernat  Hex/Ice        76%        N/A       1%          2
b - Confusing Touch       Hex            60%        N/A       1%          3
c - Dazzling Flash        Conj/Hex       100%       N/A       1%          3
d - Tukima's Dance        Hex            60%        N/A       1%          3
e - Fireball              Conj/Fire      29%        3d13      1%          5
f - Starburst             Conj/Fire      29%        6d9       4%          6

Your spell library contained the following spells:

 Spells                   Type           Power      Damage    Failure   Level
 Foxfire                  Conj/Fire      100%       2x1d9     1%          1
 Plasma Beam              Fire/Air       18%        2x1d32    56%         6


Dungeon Overview and Level Annotations

Branches:
Dungeon (1/1)

Altars:
Cheibriados
Dithmenos
Elyvilon
Fedhas
Gozag
Hepliaklqana
Kikubaaqudgha
Makhleb
Nemelex Xobeh
Okawaru
Qazlal
Ru
Sif Muna
Trog
Uskayaw
Vehumet
Wu Jian
Xom
Yredelemnul
Zin
The Shining One
Jiyva
Lugonu

Shops:
D (:=!!:[(?[[?[[=

Annotations:
D exclusion: oklob plant


Innate Abilities, Weirdness & Mutations

You are very small and have problems with some larger weapons.
You are too small for most types of armour.
You have supernaturally acute eyesight. (SInv)
You cover ground extremely quickly. (Speed+++)


Message History

[a translucent rock wall.]
The bolt of fire hits the hellephant!!
The hellephant is almost dead.
Sonja is no longer blind.
The hellephant blinks!
Unknown command.
Unknown command.
Unknown command.
Casting: Starburst (quite dangerous; 4% risk of failure)
Confirm with . or Enter, or press ? or * to list all spells.
Okay, then.
Casting: Starburst (quite dangerous; 4% risk of failure)
Confirm with . or Enter, or press ? or * to list all spells.
Aiming: Fireball (dangerous; 1% risk of failure)
Press: ? - help, Shift-Dir - straight line, f - Sonja
Aim: Sonja, wielding a +0 short sword of distortion and quivering curare-tipped darts (black smoke, almost dead, umbra)
The fireball explodes!
The fireball engulfs Sonja!!
You kill Sonja!
Dithmenos accepts your kill.
The fireball engulfs the hellephant.
The hellephant is almost dead.
Unknown command.
Unknown command.
Unknown command.
Unknown command.
Unknown command.
c - a +0 arbalest (weapon)
You shoot a bolt.
The bolt completely misses the hellephant.
Unknown command.
Casting: Fireball (dangerous; 1% risk of failure)
Confirm with . or Enter, or press ? or * to list all spells.
Casting: Dazzling Flash (safe; 1% risk of failure)
Press: ? - help, Dir - look around, f - activate Unknown command.
Unknown command.
Unknown command.
The hellephant breathes flames at you. The blast of flame hits you!!!!
Ouch! That really hurt!
You die...

.#°)▓.(......▓▓§§§▓
†#)[▓)...))..▓▓§§§▓
.#):▓..)=(...▓▓.§.▓
####▓..[)...)▓▓.$.▓
##.#▓.[.[[..(▓▓...▓
#..#▓..))...)▓▓)..▓
#†.#▓)......)▓▓$Y.▓
##.#▓....[...▓▓$..▓
..##▓▓▓▓▓▓▓+▓▓▓▓@▓▓
~~~~~~~~~~§...≈≈≈▓
'########'###.≈≈≈▓
.._._._.#§§~##≈≈≈▓
._._._..#§§≈§####▓▓▓▓▓
_._._._.#§~~§≈##..#..▓
._._._._#~§§§§§#..#..▓
.._._._.#~~§§~§§..'†.▓
..._._._#~~§§≈§#..#..▓


You could see a hellephant (catching breath).

Vanquished Creatures
  A deep elf master archer (D)
  A kraken (D)
  2 sphinxes (D)
  A draconian shifter (D)
  A crystal guardian (D)
  A great orb of eyes (D)
  An ice dragon (D)
  2 boulder beetles (D)
  An iron elemental (D)
  A death yak (D)
  2 hell hogs (D)
  Sonja (D)
  A glowing orange brain (D)
  2 death drakes (D)
  2 deep trolls (D)
  2 cane toads (D)
  A yaktaur (D)
  5 polar bears (D)
  A hornet (D)
  7 wyverns (D)
  Menkaure (D)
  5 water moccasins (D)
  2 swamp drakes (D)
  4 scorpions (D)
  3 worms (D)
51 creatures vanquished.

Vanquished Creatures (others)
  8 tentacles (D)
8 creatures vanquished.

Grand Total: 59 creatures vanquished

Notes
Turn   | Place    | Note
-------+----------+-------------------------------------------
     0 | D        | Groucho the Spriggan Enchanter began the quest for the Orb.
     0 | D        | Reached XP level 1. HP: 9/9 MP: 5/5
     3 | D        | Noticed a boulder beetle
     3 | D        | Noticed a boulder beetle
    15 | D        | Reached skill level 1 in Fighting
    15 | D        | Reached skill level 5 in Stealth
    17 | D        | Noticed Menkaure
    17 | D        | Noticed a water moccasin
    19 | D        | Killed Menkaure
    20 | D        | Reached skill level 5 in Short Blades
    20 | D        | Reached skill level 11 in Stealth
    20 | D        | Reached skill level 5 in Hexes
    20 | D        | Reached XP level 2. HP: 15/15 MP: 6/8
    20 | D        | Reached XP level 3. HP: 18/18 MP: 6/9
    20 | D        | Reached XP level 4. HP: 23/23 MP: 7/11
    34 | D        | Killed a water moccasin
    35 | D        | Reached skill level 14 in Stealth
    35 | D        | Reached XP level 5. HP: 13/26 MP: 7/12
    45 | D        | Noticed a wyvern
    45 | D        | Noticed a wyvern
    48 | D        | Killed a wyvern
    49 | D        | Reached skill level 15 in Stealth
    49 | D        | Reached XP level 6. HP: 17/30 MP: 8/13
    51 | D        | Killed a wyvern
    72 | D        | Reached XP level 7. HP: 23/35 MP: 10/14
    85 | D        | Killed a boulder beetle
    86 | D        | Reached skill level 5 in Spellcasting
    86 | D        | Reached XP level 8. HP: 32/46 MP: 11/17
    88 | D        | Killed a boulder beetle
    92 | D        | Learned a level 2 spell: Ensorcelled Hibernation
    96 | D        | Learned a level 3 spell: Confusing Touch
   100 | D        | Learned a level 3 spell: Dazzling Flash
   104 | D        | Learned a level 3 spell: Tukima's Dance
   117 | D        | Found Ciuluar's Jewellery Shop.
   117 | D        | Found Umpaan's Magic Scroll Boutique.
   117 | D        | Found Doxyuf's Antique Armour Boutique.
   117 | D        | Found Bomuys's Armour Shop.
   118 | D        | Found Lyhousaa's Antique Armour Shop.
   118 | D        | Found Jituomutt's Magic Scroll Shop.
   118 | D        | Found Qefiroz's Antique Weapon Boutique.
   119 | D        | Found Gemnuo's Book Boutique.
   119 | D        | Found Tekicif's Distillery.
   120 | D        | Found Ekapt's Armour Shop.
   120 | D        | Found Belomaemp's Antique Armour Boutique.
   124 | D        | Reached skill level 5 in Conjurations
   124 | D        | Reached XP level 9. HP: 45/50 MP: 14/23
   126 | D        | Found Jiygupniu's Distillery.
   126 | D        | Found Deffoaz's Jewellery Shop.
   126 | D        | Noticed an oklob plant
   127 | D        | Found Fuduqavi's Book Shoppe.
   127 | D        | Found Guorew's Antique Weapon Boutique.
   137 | D        | Bought a book of Fire for 528 gold pieces
   143 | D        | Learned a level 5 spell: Fireball
   150 | D        | Learned a level 6 spell: Starburst
   182 | D        | Bought a ring of flight for 210 gold pieces
   186 | D        | Bought a +2 robe for 139 gold pieces
   226 | D        | Found a hazy altar of Hepliaklqana.
   226 | D        | Found a snail-covered altar of Cheibriados.
   227 | D        | Found a stormy altar of Qazlal.
   227 | D        | Found a viscous altar of Jiyva.
   227 | D        | Found a shadowy altar of Dithmenos.
   228 | D        | Found a sacrificial altar of Ru.
   228 | D        | Found an ancient bone altar of Kikubaaqudgha.
   228 | D        | Found a white marble altar of Elyvilon.
   229 | D        | Found an ornate altar of the Wu Jian Council.
   229 | D        | Found a shimmering blue altar of Sif Muna.
   229 | D        | Found a corrupted altar of Lugonu.
   230 | D        | Found a shimmering altar of Xom.
   230 | D        | Found a bloodstained altar of Trog.
   230 | D        | Found a burning altar of Makhleb.
   231 | D        | Found a glowing golden altar of the Shining One.
   231 | D        | Found a basalt altar of Yredelemnul.
   231 | D        | Found a hide-covered altar of Uskayaw.
   233 | D        | Found a glowing silver altar of Zin.
   233 | D        | Found a radiant altar of Vehumet.
   233 | D        | Found a blossoming altar of Fedhas.
   233 | D        | Found a sparkling altar of Nemelex Xobeh.
   234 | D        | Found an opulent altar of Gozag.
   234 | D        | Found an iron altar of Okawaru.
   240 | D        | Became a worshipper of Dithmenos the Shadowed
   250 | D        | Noticed a death yak
   252 | D        | Killed a death yak
   253 | D        | Reached skill level 5 in Dodging
   253 | D        | Reached skill level 10 in Spellcasting
   267 | D        | Reached * piety under Dithmenos
   276 | D        | Noticed a deep elf master archer
   281 | D        | Killed a deep elf master archer
   282 | D        | Reached skill level 5 in Fire Magic
   282 | D        | Reached XP level 10. HP: 53/55 MP: 25/25
   287 | D        | Reached ** piety under Dithmenos
   289 | D        | Reached skill level 10 in Dodging
   307 | D        | Reached *** piety under Dithmenos
   324 | D        | Noticed a kraken
   349 | D        | Killed a kraken
   737 | D        | Reached **** piety under Dithmenos
   752 | D        | Noticed a deep troll
   753 | D        | Noticed a deep troll
   776 | D        | Killed a deep troll
   787 | D        | Killed a deep troll
   788 | D        | Reached skill level 10 in Conjurations
   788 | D        | Reached XP level 11. HP: 58/58 MP: 24/26
   897 | D        | Noticed a death drake
   903 | D        | Noticed a death drake
   903 | D        | Noticed a crystal guardian
   906 | D        | Killed a crystal guardian
   906 | D        | Reached ***** piety under Dithmenos
   909 | D        | Killed a death drake
   910 | D        | Killed a death drake
   911 | D        | Reached skill level 10 in Fire Magic
   925 | D        | Noticed a hell hog
   925 | D        | Noticed a hell hog
   925 | D        | Noticed an iron elemental
   925 | D        | Noticed a great orb of eyes
   926 | D        | Noticed an ice dragon
   927 | D        | Killed a great orb of eyes
   928 | D        | Reached skill level 10 in Short Blades
   929 | D        | Killed an iron elemental
   931 | D        | Killed a hell hog
   933 | D        | Killed a hell hog
   938 | D        | Reached ****** piety under Dithmenos
   944 | D        | Killed an ice dragon
  1056 | D        | Noticed a sphinx
  1056 | D        | Noticed a sphinx
  1059 | D        | Killed a sphinx
  1066 | D        | Killed a sphinx
  1067 | D        | Reached XP level 12. HP: 57/63 MP: 24/27
  1273 | D        | Noticed a purple draconian shifter
  1275 | D        | Noticed a hellephant
  1275 | D        | Noticed Sonja
  1277 | D        | Killed a purple draconian shifter
  1289 | D        | Killed Sonja
  1293 | D        | Killed from afar by a hellephant

Illustrated notes

Levels and vault maps discovered:
D:        the_violet_keep_of_menkaure [sprint2_stairs_cluster_1,
          sprint2_shoproom, sprint2_temple, sprint2_basic_supplies,
          sprint2_obstacle_7, sprint2_obstacle_3, sprint2_obstacle_6,
          sprint2_obstacle_2, sprint2_obstacle_5, sprint2_timed_cluster_1,
          sprint2_smallroom_cluster_1, sprint2_smallroom_final_cluster_1,
          sprint2_transparent_cluster_1, sprint2_second_timed_cluster_1,
          sprint2_sniper_area_1, sprint2_heavy_combat_area_1,
          sprint2_mutation_trap_area_1, sprint2_forest_area_1,
          sprint2_light_combat_area_1, sprint2_behind_water_1,
          sprint2_near_end_vault_1]

Skill      XL: |  1  2  3  4  5  6  7  8  9 10 11 12 |
---------------+-------------------------------------+-----
Spellcasting   | 4 5 9 10 | 10.0
Hexes          | 5 9 12 14 | 14.0
Fighting       | 2 7 |  7.0
Short Blades   | 5 8 10 | 10.0
Stealth        | 11 14 15 | 15.0
Conjurations   | 2 5 7 10 13 | 13.5
Dodging        | 9 10 | 10.0
Fire Magic     | 5 9 12 13 | 13.4

Action                     |  1- 3 |  4- 6 |  7- 9 | 10-12 || total
---------------------------+-------+-------+-------+-------++-------
  Melee: Dagger            |     5 |    22 |    14 |    37 ||    78
   Fire: Arbalest          |       |       |       |     1 ||     1
   Cast: Ensorcelled Hiber |       |       |     1 |     9 ||    10
         Fireball          |       |       |       |     6 ||     6
         Confusing Touch   |       |       |       |     1 ||     1
         Dazzling Flash    |       |       |       |     2 ||     2
         Starburst         |       |       |       |     2 ||     2
 Invoke: Shadow Step       |       |       |       |     1 ||     1
    Use: Potion            |     2 |       |     1 |     4 ||     7
         Scroll            |       |       |       |     1 ||     1
   Stab: Sleeping          |     3 |     2 |     9 |    31 ||    45
         Invisible         |       |     3 |     2 |       ||     5
         Confused          |       |       |       |     3 ||     3
 Armour: Robe              |       |       |     1 |     1 ||     2
  Dodge: Dodged            |       |     9 |     5 |    21 ||    35
